Map: Dusk Towers

Players

Neuro - Winner!

  • Race: Zerg Zerg
  • League: Grandmaster

lllllllll

  • Race: Terran Terran
  • League: Master

VOD

Have the link to the VOD?

Description

Time

  • Played on: Jan. 4, 2016, 2:51 a.m.
  • Length: 5:04
Show
View Real Time Build Order
Export as new Build Order

Neuro Zerg - Winner!

Build Orders: 3 Hatch before Pool 

Get SALT Encoding   

  12  0:01  Drone  
  13  0:11  Drone  
  14  0:19  Overlord  
  14  0:26  Extractor  
  14  0:27  Drone  
  15  0:38  Drone x2  
  17  0:56  Hatchery  
  16  0:57  Drone  
  16  1:01  Drone  
  18  1:06  Drone  
  19  1:17  Drone  
  20  1:30  Drone  
  21  1:33  Hatchery  
  21  1:38  Drone  
  21  1:48  Spawning Pool  
  21  1:51  Drone  
  21  2:00  Drone  
  21  2:01  Extractor  
  21  2:09  Drone  
  21  2:14  Drone  
  23  2:18  Drone  
  24  2:31  Drone  
  24  2:32  Drone  
  26  2:37  Queen  
  26  2:40  Overlord  
  26  2:42  Overlord  
  28  2:44  Queen  
  28  2:48  Queen  
  32  3:00  Zergling x4  
  32  3:02  Drone x4  
  38  3:06  Metabolic Boost  
  38  3:13  Drone x2  
  38  3:16  Drone  
  38  3:17  Drone  
  42  3:29  Overlord x3  
  42  3:42  Baneling Nest  
  41  3:50  Zergling x16  
  41  3:51  Zergling x2  
  50  4:03  Zergling x14  
  57  4:12  Zergling x4  
  59  4:18  Zergling x8  
  63  4:28  Baneling  
  63  4:29  Baneling x3  
  63  4:30  Baneling x3  
  63  4:32  Overlord  
  63  4:33  Overlord, Zergling x4  
  63  4:34  Zergling x2  
Show
View Real Time Build Order
Export as new Build Order

lllllllll Terran 

Build Orders: Command Center First (CC) 

Get SALT Encoding   

  12  0:00  SCV  
  13  0:13  SCV  
  14  0:17  Supply Depot  
  14  0:25  SCV  
  15  0:39  SCV  
  16  0:51  SCV  
  17  0:59  Command Center  
  17  1:03  SCV  
  18  1:14  Barracks  
  18  1:15  SCV  
  19  1:26  Barracks  
  19  1:30  SCV  
  20  1:41  Barracks  
  20  1:44  SCV  
  22  2:01  Marine  
  22  2:02  Orbital Command  
  22  2:10  Orbital Command  
  22  2:13  Marine  
  23  2:19  Marine  
  24  2:28  SCV  
  25  2:30  Marine  
  25  2:31  Marine  
  27  2:39  SCV  
  27  2:40  SCV  
  27  2:41  Marine  
  30  2:47  Marine  
  30  2:49  Marine  
  30  2:51  Supply Depot, SCV  
  33  2:57  SCV  
  34  3:01  Command Center  
  34  3:03  SCV  
  35  3:06  Marine x2  
  35  3:10  Refinery  
  35  3:12  SCV, Refinery  
  38  3:18  Supply Depot  
  38  3:19  SCV  
  39  3:23  Marine  
  39  3:24  Marine, SCV  
  39  3:26  Marine  
  42  3:28  Supply Depot  
  42  3:32  SCV  
  43  3:37  SCV, Refinery  
  43  3:38  Refinery  
  44  3:42  Barracks Tech Lab  
  44  3:44  SCV  
  45  3:49  SCV  
  45  3:53  Engineering Bay  
  45  3:54  Engineering Bay  
  46  3:56  SCV  
  46  4:01  SCV  
  48  4:09  SCV  
  49  4:13  SCV, Orbital Command  
  49  4:14  Barracks Reactor  
  50  4:21  SCV  
  51  4:25  SCV  
  51  4:29  Barracks Reactor  
  52  4:33  SCV  
  52  4:35  Supply Depot, Marine  
  52  4:37  SCV  
  55  4:39  Factory  
  55  4:49  SCV x2  
  55  4:50  Supply Depot  
Tags
 
Add a new tag
Caveats
  • Supply blocks, unpowered buildings, or Contaminate may cause inaccurate times.
  • Supply counts are checked every 10 seconds.